[Event "*** Titled Tuesday Blitz"]
[Site "Chess.com"]
[Date "2019.03.05"]
[Round "8"]
[White "ChessWarrior7197"]
[Black "jbj"]
[Result "1-0"]
[WhiteElo "2843"]
[BlackElo "2596"]
[TimeControl "180+2"]
[EndTime "14:57:02 PST"]
[Termination "ChessWarrior7197 won by resignation"]

1. e4 e6 2. d4 d5 3. Bd3 c5 4. exd5 Qxd5 5. Nc3 Qxd4 6. Nb5 Qd8 7. Bf4 Na6 8. Qf3 Nf6 9. O-O-O Nd5 10. Bc4 Qa5 11.
Ne2 Be7 12. Nd6+ Bxd6 13. Bxd6 Nb6 14. Bxa6 Qxa6 15. Nc3 Bd7 16. Bxc5 Qc4 17. Bxb6 axb6 18. Rxd7 Kxd7 19. Qxb7+ Kd6 20. Qxf7 Rad8 21. a4 Rhf8 22. Nb5+ Qxb5 23. Rd1+ Qd5 24. Rxd5+ exd5 25. Qxg7 Kc6 26. f4 d4 27. g4 Rfe8 28. f5 d3 29. cxd3 Rxd3 30. Qf6+ Rd6 31. Qc3+ Kb7 32. Qf3+ Kc7 33. f6 Re1+ 34. Kc2 Rc6+ 35. Kb3 Rce6 36. Ka2 R1e4 37. f7 Rxa4+ 38. Kb3 Ree4 39. f8=Q 1-0

[Event "*** Titled Tuesday Blitz"]
[Site "Chess.com"]
[Date "2019.03.05"]
[Round "8"]
[White "Saitama_Hero"]
[Black "Lennis93"]
[Result "0-1"]
[WhiteElo "2221"]
[BlackElo "2253"]
[TimeControl "180+2"]
[EndTime "14:57:03 PST"]
[Termination "Lennis93 won by resignation"]

1. c4 e5 2. g3 Nf6 3. Bg2 c6 4. d4 exd4 5. Qxd4 d5 6. cxd5 cxd5 7. Nf3 Nc6 8. Qd3 Nb4 9. Qb3 Be7 10. O-O O-O 11. Nc3 d4 12. Nb5 Be6 13. Qd1 d3 14. Nbd4 Bc4 15. exd3 Nxd3 16. Qc2 Rc8 17. Rd1 Ba6 18. Qb1 Nxc1 19. Rxc1 Qa5 20. Re1 Bc5 21. Nb3 Qb6 22. Nxc5 Rxc5 23. a4 Ng4 24. h3 Nxf2 25. a5 Rxa5 26. Rxa5 Nd3+ 27. Kh2 Nxe1 28. Qxe1 Qxb2 29.
Re5 Bb5 30. Ng5 h6 31. Nf3 a5 32. Qe4 Bc6 33. Qe3 Bxf3 0-1

[Event "*** Titled Tuesday Blitz"]
[Site "Chess.com"]
[Date "2019.03.05"]
[Round "8"]
[White "IIIlllII1llIl"]
[Black "Keaton87"]
[Result "1-0"]
[WhiteElo "2598"]
[BlackElo "2539"]
[TimeControl "180+2"]
[EndTime "14:57:08 PST"]
[Termination "IIIlllII1llIl won by resignation"]

1. g3 d5 2. Bg2 Nf6 3. Nf3 Bf5 4. O-O e6 5. d3 Be7 6. c4 c6 7. b3 O-O 8. Bb2 h6 9. Nbd2 Nbd7 10. a3 a5 11. Ra2 Bd6 12. Qa1 Qe7 13. Ne5 Nxe5 14. Bxe5 Bxe5 15. Qxe5 Nd7 16. Qb2 Bg6 17. Rfa1 Qd6 18.
b4 a4 19. Rc1 d4 20. c5 Qe7 21.
Qxd4 e5 22. Qd6 Qxd6 23. cxd6 f6 24. Rb2 Rab8 25. b5 c5 26. b6 Rfd8 27. Nc4 f5 28. g4 fxg4 29. Na5 e4 30. dxe4 Ne5 31. Rxc5 Nf7 32. e5 Rdc8 33. Rxc8+ Rxc8 34. Bxb7 Rc1+ 35. Kg2 Nxe5 36. Bd5+ Kh7 37. b7 1-0

[Event "*** Titled Tuesday Blitz"]
[Site "Chess.com"]
[Date "2019.03.05"]
[Round "8"]
[White "vpantev"]
[Black "Winehouse83"]
[Result "1-0"]
[WhiteElo "2644"]
[BlackElo "2520"]
[TimeControl "180+2"]
[EndTime "14:57:17 PST"]
[Termination "vpantev won by resignation"]

1. d4 Nf6 2. Bf4 c5 3. e3 d5 4.
c3 Nc6 5. Nd2 Qb6 6. Qb3 c4 7.
Qc2 g6 8. e4 dxe4 9. Nxc4 Qd8 10. Ne2 Nd5 11. Qxe4 Bf5 12. Qf3 Ndb4 13. cxb4 Nxb4 14.
Qb3 Nc2+ 15. Kd2 Nxa1 16. Qb5+ Qd7 17. Qxd7+ Bxd7 18. Nc3 b5 19. Ne5 b4 20. Nd5 Rc8 21. Bd3 Be6 22. Bb5+ Kd8 23. Nc6+ Rxc6 24. Bxc6 g5 25.
Bc7+ Kc8 26. Be5 f6 27. Bg3 h5 28. Rc1 h4 29. Ba8+ Kd8 30. Bc7+ Kd7 31. Ne3 Bh6 32. Be4 Rc8 33. d5 Bf7 34. Ba5 Rxc1 35. Kxc1 g4 36. Bf5+ Kd6 37. Bxb4+ Ke5 38. Bxg4 Bxe3+ 39. fxe3 Bxd5 40.
Bc3+ Ke4 41. Bf3+ Kd3 42. Bxd5 1-0

[Event "*** Titled Tuesday Blitz"]
[Site "Chess.com"]
[Date "2019.03.05"]
[Round "8"]
[White "Bryakin_Mikhail"]
[Black "FMJoseHerrera"]
[Result "0-1"]
[WhiteElo "2635"]
[BlackElo "2534"]
[TimeControl "180+2"]
[EndTime "14:57:19 PST"]
[Termination "FMJoseHerrera won by resignation"]

1. d4 Nf6 2. c4 c5 3. d5 b5 4. cxb5 a6 5. e3 g6 6. Nc3 Bg7 7. e4 O-O 8. Nf3 Qa5 9. Bd2 d6 10. Bd3 axb5 11. Nxb5 Qb6 12. a4 Ng4 13. Bc3 c4 14.
O-O cxd3 15. Bxg7 Kxg7 16. Qxd3 Ne5 17. Nxe5 dxe5 18. Qc3 Nd7 19. b4 Ba6 20. Na3 Bxf1 21. Rxf1 Rxa4 22. Nc2 Nf6 23. Qxe5 Ra2 24. Nd4 Qxb4 25.
h4 Ra4 26. Rd1 Qd6 27. Qg5 h6 28. Nf5+ Kg8 29. Nxh6+ Kh7 30. e5 Qb4 31. exf6 exf6 32. Qe3 Qxh4 33. Nxf7 Rxf7 34. Qe8 Kg7 35. d6 Rd4 36.
Rxd4 Qxd4 37. Qe6 Qe5 38. d7 Qxe6 39. d8=Q Qe1+ 40. Kh2 Qxf2 41. Kh3 Qf5+ 42. Kh2 Qe5+ 43. g3 Rc7 44. Kh3 Qe6+ 45. Kg2 Rc2+ 46. Kf3 Qe2+ 47.
Kf4 Rc4+ 0-1

[Event "*** Titled Tuesday Blitz"]
[Site "Chess.com"]
[Date "2019.03.05"]
[Round "8"]
[White "dopolian"]
[Black "politeplayer"]
[Result "1/2-1/2"]
[WhiteElo "2185"]
[BlackElo "2097"]
[TimeControl "180+2"]
[EndTime "14:57:20 PST"]
[Termination "Game drawn by repetition"]

1. e4 c5 2. Nf3 d6 3. d4 cxd4 4. Nxd4 Nf6 5. Nc3 g6 6. Be3 Bg7 7. f3 O-O 8. Qd2 Nc6 9. g4 Nxd4 10. Bxd4 Be6 11. O-O-O Qa5 12. a3 Rfc8 13. h4 Rab8 14. Nd5 Qxd2+ 15. Rxd2 Bxd5 16. exd5 Nd7 17. Bxg7 Kxg7 18.
Bh3 Rc4 19. Re1 Ne5 20. Re3 b5 21. Bf1 Rc7 22. Be2 b4 23. Rb3 bxa3 24. Rxa3 Rb4 25.
Re3 Rcb7 26. c3 Ra4 27. Bd3 Ra1+ 28. Kc2 a5 29. Be2 a4 30. f4 a3 31. bxa3 Ra2+ 32. Kc1 Ra1+ 33. Kc2 Ra2+ 34. Kc1 Ra1+ 35. Kc2 Ra2+ 36.
Kc1 Ra1+ 1/2-1/2

[Event "*** Titled Tuesday Blitz"]
[Site "Chess.com"]
[Date "2019.03.05"]
[Round "8"]
[White "JosefineHeinemann"]
[Black "Thjop"]
[Result "0-1"]
[WhiteElo "2393"]
[BlackElo "2568"]
[TimeControl "180+2"]
[EndTime "14:57:22 PST"]
[Termination "Thjop won by resignation"]

1. e4 e6 2. d4 d5 3. Nd2 c5 4.
exd5 exd5 5. Ngf3 a6 6. Be2 Nf6 7. O-O Be7 8. dxc5 Bxc5 9. Nb3 Bb6 10. Nbd4 O-O 11. Bg5 Re8 12. Bd3 h6 13. Be3 Bg4 14.
Qd2 Ne4 15. Qc1 Bxf3 16. Nxf3 Bxe3 17. Qxe3 Ng3 18. Qf4 Nxf1 19. Rxf1 Nc6 20. Qf5 g6 21. Qf4 Kg7 22. h4 Qf6 23. Qg3 Qxb2 24. h5 Qf6 25. hxg6 fxg6 26. Nh4 Ne5 27. Be2 Qg5 28. Qh2 Ng4 29. Bxg4 Qxg4 30. Qc7+ Kg8 31. Nf3 Rab8 32.
Qd6 Qe6 33. Qc5 Rbc8 34. Qb4 b5 35. Qf4 Kg7 36. Nd4 Qf6 37. Qd2 Rc4 38. Nf3 d4 39. Rb1 Rec8 40. Rc1 g5 41. Nh2 Qf5 42. Re1 R8c7 43.
Nf3 Qxc2 44. Qa5 g4 45. Ne5 Qc3 46. Qxc3 Rxc3 47. Nxg4 Rc1 48. Kf1 d3 0-1

[Event "*** Titled Tuesday Blitz"]
[Site "Chess.com"]
[Date "2019.03.05"]
[Round "8"]
[White "Shant_Sargsyan"]
[Black "Witik"]
[Result "0-1"]
[WhiteElo "2899"]
[BlackElo "2696"]
[TimeControl "180+2"]
[EndTime "14:57:24 PST"]
[Termination "Witik won by resignation"]

1. e4 c6 2. d4 d5 3. Nd2 dxe4 4.
Nxe4 Bf5 5. Ng3 Bg6 6. h4 h6 7. Nf3 e6 8. Ne5 Bh7 9. f4 Be7 10. Nh5 Bxh4+ 11. g3 Bf6 12. c3 Nd7 13. Bg2 Ne7 14. Qb3 Qb6 15. Qa3 Nd5 16. Nc4 Qa6 17. Qxa6 bxa6 18. Ne5 Rc8 19. Bd2 c5 20. Nxd7 Kxd7 21.
Bxd5 exd5 22. Nxf6+ gxf6 23. Be3 Be4 24. Rh3 c4 25.
O-O-O h5 26. Rh4 Bf3 27. Rf1 Bg4 28. Re1 Rhe8 29. Rhh1 Re4 30. Bf2 f5 31. Rxe4 fxe4 32.
Kd2 Rb8 33. Rb1 e3+ 34. Bxe3 Bf5 35. Rg1 Rxb2+ 36. Ke1 Rxa2 37. Bd2 Ra1+ 38. Kf2 Rxg1 39. Kxg1 Kc6 40. Kf2 Kb5 41. Ke1 Ka4 42. Kd1 Kb3 43.
Kc1 a5 0-1

[Event "*** Titled Tuesday Blitz"]
[Site "Chess.com"]
[Date "2019.03.05"]
[Round "8"]
[White "GameOverBro"]
[Black "fish7728"]
[Result "0-1"]
[WhiteElo "2372"]
[BlackElo "2252"]
[TimeControl "180+2"]
[EndTime "14:57:29 PST"]
[Termination "fish7728 won by resignation"]

1. a3 g6 2. b3 Bg7 3. Ra2 e5 4.
c3 d5 5. d3 Nf6 6. e3 O-O 7. f3 c5 8. g4 Nc6 9. h4 e4 10. dxe4 dxe4 11. Rd2 Qc7 12. g5 Qg3+ 13. Rf2 Nh5 14. f4 Rd8 15. Qc2 Bg4 16. Ne2 Bxe2 17. Bxe2 Nxf4 18. exf4 e3 19. Bxe3 Qxe3 20. Rf3 Qe7 21.
Kf2 Re8 22. Re1 Qd7 23. f5 Ne5 24. Re3 gxf5 25. Nd2 f4 26. Rxe5 Rxe5 27. Nf3 Re3 28. g6 hxg6 29. Bc4 Rxe1 30. Kxe1 Re8+ 31. Kf2 Qg4 32.
Qd1 Qg3+ 33. Kf1 Bxc3 34. Bxf7+ Kxf7 35. Ng5+ Qxg5 36. hxg5 Re1+ 37. Qxe1 Bxe1 38. Kxe1 Ke6 0-1

[Event "*** Titled Tuesday Blitz"]
[Site "Chess.com"]
[Date "2019.03.05"]
[Round "8"]
[White "wanyaland"]
[Black "Karina_Oparina"]
[Result "1-0"]
[WhiteElo "2144"]
[BlackElo "2172"]
[TimeControl "180+2"]
[EndTime "14:57:30 PST"]
[Termination "wanyaland won on time"]

1. d4 Nf6 2. c4 e6 3. Nc3 Bb4 4. f3 c5 5. a3 Bxc3+ 6. bxc3 b6 7. e4 d6 8. Bd3 e5 9. Ne2 O-O 10. O-O Nc6 11. Be3 Ne7 12. g4 Ne8 13. Ng3 f6 14. f4 Qd7 15. h3 Nc7 16. Kh2 exf4 17. Bxf4 Ne6 18. Be3 Qc7 19. Kg1 d5 20. Qe1 dxe4 21. Nxe4 Bb7 22. d5 Qd7 23. Rd1 Nd8 24. Bb1 Nf7 25. Qg3 Ng6 26. Rxf6 Nfe5 27. Re6 Rf3 28. Qe1 Nxc4 29. Bc1 Bxd5 30. Ng5 Rf6 31. Bxg6 Rxe6 32. Bxh7+ Kh8 33. Nxe6 Qxe6 34. Qh4 Qf6 35. Bg5 Qxc3 36. Bg6+ Kg8 37. Rxd5 1-0

[Event "*** Titled Tuesday Blitz"]
[Site "Chess.com"]
[Date "2019.03.05"]
[Round "8"]
[White "Dyadya81"]
[Black "Swarnapuri"]
[Result "1-0"]
[WhiteElo "2771"]
[BlackElo "2714"]
[TimeControl "180+2"]
[EndTime "14:57:32 PST"]
[Termination "Dyadya81 won by resignation"]

1. Nf3 Nc6 2. d4 d5 3. g3 Bg4 4.
Bg2 Qd7 5. O-O O-O-O 6. b4 f6 7. Nbd2 Nxb4 8. c4 e5 9. a3 Nc6 10. cxd5 Nxd4 11. Nxd4 exd4 12. Nc4 Bc5 13. Rb1 Bf5 14. Rb2 Ne7 15. Qb3 b6 16. Bf4 g5 17. d6 cxd6 18.
Nxd6+ Bxd6 19. Rc1+ Kb8 20. Qf3 Nc6 21. Rxc6 Bxf4 22.
Rcxb6+ axb6 23. Rxb6+ Ka7 24. Rb7+ Ka6 25. Rxd7 Rxd7 26.
Qc6+ Ka7 27. Qc5+ Kb8 28. Qxf5 Rc7 29. Qb5+ Kc8 30. Bh3+ Kd8 31. gxf4 Re8 32. Qb8+ 1-0

[Event "*** Titled Tuesday Blitz"]
[Site "Chess.com"]
[Date "2019.03.05"]
[Round "8"]
[White "Marcus_Harvey"]
[Black "ASVZ"]
[Result "0-1"]
[WhiteElo "2586"]
[BlackElo "2414"]
[TimeControl "180+2"]
[EndTime "14:57:33 PST"]
[Termination "ASVZ won by resignation"]

1. Nf3 e6 2. d4 b6 3. c4 Bb7 4. g3 f5 5. Bg2 Nf6 6. O-O g6 7. d5 Bg7 8. dxe6 dxe6 9. Qxd8+ Kxd8 10. Ng5 Bxg2 11. Kxg2 Ke7 12. Bf4 Na6 13. h4 Nd7 14. Nc3 Bxc3 15. bxc3 e5 16. Bc1 Nac5 17. Rd1 Rad8 18.
Nf3 h6 19. Ba3 Ke6 20. Rd5 c6 21. Rd2 Ne4 22. Rd3 Ndc5 23. Bxc5 Nxc5 24. Re3 e4 25. Nd4+ Kf6 26. f3 Rd6 27. fxe4 fxe4 28. Rf1+ Kg7 29. h5 Rf8 30. Rxf8 Kxf8 31. hxg6 Rxg6 32. Nb3 Nxb3 33. axb3 Rg4 34. Kh3 h5 35. c5 b5 36. b4 Ke7 37.
c4 bxc4 38. Rc3 Ke6 39. Rxc4 Kd5 40. Rc3 Kd4 41. Ra3 Rg7 42. Kh4 Kc4 43. Ra6 Kb5 44. Ra1 Kxb4 45. Kxh5 Rxg3 46. Rxa7 Kxc5 47. Kh4 Rg2 48. Ra2 e3 49. Kh3 Rg8 50. Rc2+ Kd5 51. Rc3 c5 52. Rxe3 c4 53. Ra3 Kd4 54. e3+ Kc5 55. Ra4 Re8 56. Kg3 Rxe3+ 57. Kf2 Re8 0-1

[Event "*** Titled Tuesday Blitz"]
[Site "Chess.com"]
[Date "2019.03.05"]
[Round "8"]
[White "davidarenas1224"]
[Black "MikaelyanArman"]
[Result "0-1"]
[WhiteElo "2517"]
[BlackElo "2713"]
[TimeControl "180+2"]
[EndTime "14:57:35 PST"]
[Termination "MikaelyanArman won on time"]

1. e4 d6 2. d4 Nf6 3. Nc3 g6 4. Nf3 Bg7 5. Be2 O-O 6. O-O Nc6 7. h3 a6 8. Bf4 b5 9. e5 Nd7 10. exd6 cxd6 11. a4 b4 12. Nd5 Bb7 13. Ne3 Rc8 14.
c4 Nxd4 15. Nxd4 e5 16. Bxe5 dxe5 17. Ndc2 b3 18. Nb4 e4 19. Qd2 Nc5 20. Nbd5 Qg5 21.
Rfd1 Rfd8 22. Nf1 Qxd2 23. Rxd2 Kf8 24. Nfe3 f5 25. g3 a5 26. h4 Ba6 27. Kf1 Nd3 28. Bxd3 exd3 29. Rxd3 Rxc4 30. Ke1 Rc2 31. Rxb3 Re2+ 32.
Kd1 Rxf2 33. Rb6 Bd4 34. Rxa6 Bxe3 35. Rxa5 Rd2+ 36. Ke1 R2xd5 37. Rxd5 Rxd5 38. Ke2 Bc5 39. a5 Ke7 40. a6 Ba7 41. b4 Kd6 42. Ra4 Rd4 0-1

[Event "*** Titled Tuesday Blitz"]
[Site "Chess.com"]
[Date "2019.03.05"]
[Round "8"]
[White "GelmanAlexander"]
[Black "StoreySniper"]
[Result "0-1"]
[WhiteElo "2570"]
[BlackElo "2391"]
[TimeControl "180+2"]
[EndTime "14:57:35 PST"]
[Termination "StoreySniper won by resignation"]

1. d4 g6 2. Nc3 Bg7 3. e4 c5 4. dxc5 Bxc3+ 5. bxc3 Nf6 6. e5 Ne4 7. Qd4 Qa5 8. Qb4 Qxc5 9. Qxc5 Nxc5 10. Be3 b6 11. f4 Bb7 12. Nf3 Bxf3 13. gxf3 Nc6 14. Bb5 O-O-O 15. Ke2 Kc7 16. a4 f6 17. a5 fxe5 18. axb6+ axb6 19. fxe5 Ra8 20. f4 Ne4 21. Kd3 d5 22. c4 e6 23. cxd5 exd5 24. c4 Nb4+ 25. Ke2 Nc3+ 26. Kf3 Nxb5 27. cxb5 Kb7 28. h4 Nc2 29. h5 Rxa1 30. Rxa1 Nxa1 0-1

[Event "*** Titled Tuesday Blitz"]
[Site "Chess.com"]
[Date "2019.03.05"]
[Round "8"]
[White "MatBobula"]
[Black "andy_rekt"]
[Result "0-1"]
[WhiteElo "2260"]
[BlackElo "2239"]
[TimeControl "180+2"]
[EndTime "14:57:36 PST"]
[Termination "andy_rekt won by resignation"]

1. d4 Nf6 2. c4 g6 3. Nf3 Bg7 4. g3 O-O 5. Bg2 d5 6. cxd5 Nxd5 7. O-O Nb6 8. Nc3 Nc6 9. e3 a5 10. b3 a4 11. Nxa4 Nxa4 12. bxa4 e5 13. Ba3 Re8 14.
Nxe5 Nxe5 15. dxe5 Bxe5 16. Qxd8 Rxd8 17. Rad1 Rxd1 18.
Rxd1 Bg4 19. f3 Be6 20. f4 Bf6 21. Bxb7 Rxa4 22. Bc5 Rxa2 23. e4 Rc2 24. Bf2 Bg4 25. Rb1 Bc3 26. e5 Bf5 27. Rd1 h5 28. Bd5 Bb4 29.
Bd4 c5 30. Bf2 c4 31. Rd4 Bd3 32. Kg2 Bc5 33. Bxf7+ Kg7 34. Rd7 Rxf2+ 35. Kh1 Be4+ 36. Kg1 Rd2+ 0-1

[Event "*** Titled Tuesday Blitz"]
[Site "Chess.com"]
[Date "2019.03.05"]
[Round "8"]
[White "Pechen_Yeltsina"]
[Black "martinmartinez95"]
[Result "1-0"]
[WhiteElo "2649"]
[BlackElo "2469"]
[TimeControl "180+2"]
[EndTime "14:57:40 PST"]
[Termination "Pechen_Yeltsina won by resignation"]

1. e4 c5 2. Nf3 d6 3. g3 Nf6 4. d3 g6 5. Bg2 Bg7 6. O-O O-O 7.
Re1 Nc6 8. c3 Rb8 9. h3 b5 10.
d4 Nd7 11. Bf4 b4 12. e5 bxc3 13. bxc3 dxe5 14. dxe5 e6 15. Qd6 Rb6 16. Bg5 Ncxe5 17. Bxd8 Nxf3+ 18. Bxf3 Rxd6 19. Be7 Rd3 20. Bxf8 Kxf8 21.
Be4 Rxc3 22. Nxc3 Bxc3 23. Rac1 Bxe1 24. Rxe1 Ke7 25. f4 Nb6 26. Kf2 Ba6 27. Rc1 Kd6 28. h4 Bc4 29. Rc2 Bd5 30. Bxd5 exd5 31. Re2 c4 32.
Ke3 Kc5 33. Kd2 d4 34. Re5+ Nd5 35. a3 a5 36. h5 gxh5 37. Rxh5 d3 38. f5 Nf6 39.
Rh4 Kd5 40. Ke3 a4 41. Rd4+ Kc5 42. Rd8 Nd5+ 43. Ke4 Nc3+ 44. Ke5 f6+ 45. Kxf6 d2 46.
Ke5 Ne4 47. Kxe4 c3 48. Ke3 Kc4 49. f6 Kb3 50. f7 Kxa3 51. f8=Q+ Kb2 1-0

[Event "*** Titled Tuesday Blitz"]
[Site "Chess.com"]
[Date "2019.03.05"]
[Round "8"]
[White "mikhaillushenkov"]
[Black "gmjlh"]
[Result "0-1"]
[WhiteElo "2612"]
[BlackElo "2720"]
[TimeControl "180+2"]
[EndTime "14:57:41 PST"]
[Termination "gmjlh won by resignation"]

1. Nf3 d5 2. d4 Nf6 3. c4 e6 4. Nc3 Bb4 5. cxd5 exd5 6. Qb3 Bxc3+ 7. Qxc3 Ne4 8. Qa3 Qd6 9. Qxd6 cxd6 10. Bf4 Kd7 11.
e3 b6 12. Bb5+ Ke6 13. Rc1 Ba6 14. a4 Bxb5 15. axb5 a6 16. Nd2 axb5 17. Nxe4 dxe4 18. d5+ Kd7 19. Kd2 Ra2 20. Kc2 Na6 21. Kb1 Nb4 22. Rc3 Rha8 23. Ra3 R8xa3 24. bxa3 Rxa3 25. Kb2 Rd3 26.
Ra1 Nxd5 27. Ra7+ Ke6 28. Bg3 b4 29. Ra8 Nc3 30. Rd8 Na4+ 31. Kc1 b3 0-1

[Event "*** Titled Tuesday Blitz"]
[Site "Chess.com"]
[Date "2019.03.05"]
[Round "8"]
[White "King_of_the_wing"]
[Black "kacprekt"]
[Result "0-1"]
[WhiteElo "2137"]
[BlackElo "2276"]
[TimeControl "180+2"]
[EndTime "14:57:41 PST"]
[Termination "kacprekt won by resignation"]

1. e4 c5 2. Nf3 e6 3. d4 cxd4 4. Nxd4 Nc6 5. g3 d6 6. Bg2 Bd7 7. O-O Be7 8. c4 Qc7 9. Nb5 Qb8 10. Bf4 Ne5 11. Qb3 a6 12. Nd4 Nf6 13. Nc3 O-O 14. Rad1 Rc8 15. Bxe5 dxe5 16. Nde2 Bc6 17. f4 Bc5+ 18. Kh1 Ng4 19. fxe5 Qxe5 20. Nf4 Ne3 21. Nd3 Qh5 22. Nxc5 Nxf1 23. Rxf1 Qxc5 24. Ne2 b5 25. Qf3 Rf8 26. Nf4 bxc4 27. Qg4 Qe7 28. Nh5 f5 29. exf5 Bxg2+ 30. Kxg2 exf5 31. Qxc4+ Qf7 32. Qh4 Qd5+ 33. Kh3 Qd8 34. Qc4+ Kh8 35. Qc3 Qg5 36. Nf4 Rae8 37. Rd1 Qg4+ 0-1

[Event "*** Titled Tuesday Blitz"]
[Site "Chess.com"]
[Date "2019.03.05"]
[Round "8"]
[White "PaulfromSPb"]
[Black "GMMatamoros"]
[Result "1-0"]
[WhiteElo "2623"]
[BlackElo "2527"]
[TimeControl "180+2"]
[EndTime "14:57:42 PST"]
[Termination "PaulfromSPb won on time"]

1. d4 e6 2. Bf4 c5 3. c3 d5 4. e3 Nc6 5. Nd2 Nf6 6. Ngf3 Bd6 7.
Bg3 O-O 8. Bd3 b6 9. Qe2 Bb7 10. Rd1 Re8 11. Ne5 Qc7 12. f4 Ne7 13. Bh4 Ne4 14. Bxe7 Bxe7 15. Nxe4 dxe4 16. Bc4 cxd4 17. exd4 Bd5 18. Bxd5 exd5 19. O-O Bd6 20. Qb5 Qb7 21.
Ng4 a6 22. Qb3 Bf8 23. Ne3 Rad8 24. a4 Qc6 25. f5 Be7 26. Rde1 Bg5 27. f6 Bxf6 28.
Rf5 g6 29. Rxd5 Qe6 30. Rxd8 Qxb3 31. Rxe8+ Kg7 32. Re2 Qxa4 33. Rxe4 Bg5 34. Kf2 b5 35. h4 Bh6 36. Ng4 Bc1 37. Re7 Qd1 38. Ne5 Qh1 39. Rxf7+ Kg8 40. Re4 Bxb2 41. Rf3 Qd1 42.
Ng4 1-0

[Event "*** Titled Tuesday Blitz"]
[Site "Chess.com"]
[Date "2019.03.05"]
[Round "8"]
[White "Sanan_Sjugirov"]
[Black "JonahWillow"]
[Result "0-1"]
[WhiteElo "2875"]
[BlackElo "2693"]
[TimeControl "180+2"]
[EndTime "14:57:43 PST"]
[Termination "JonahWillow won on time"]

1. d4 Nf6 2. c4 c5 3. d5 e6 4. Nc3 exd5 5. cxd5 d6 6. e4 g6 7.
Bb5+ Nfd7 8. a4 Bg7 9. f4 Qh4+ 10. g3 Qe7 11. Qe2 O-O 12. Nf3 Na6 13. O-O Nb4 14. f5 a6 15. Bxd7 Bxd7 16. g4 Rae8 17. Re1 b5 18.
axb5 Bxb5 19. Nxb5 axb5 20. Bg5 Bf6 21. Bh6 Bg7 22.
Qd2 f6 23. Bxg7 Kxg7 24. Re2 Ra8 25. Rf1 Rae8 26. h4 Na6 27. Rfe1 Nc7 28. g5 Kg8 29. Rg2 fxg5 30. Nxg5 Rxf5 31. h5 Rxd5 0-1

[Event "*** Titled Tuesday Blitz"]
[Site "Chess.com"]
[Date "2019.03.05"]
[Round "8"]
[White "Gentlejimmy7"]
[Black "MishkaFighter"]
[Result "1/2-1/2"]
[WhiteElo "2410"]
[BlackElo "2356"]
[TimeControl "180+2"]
[EndTime "14:57:45 PST"]
[Termination "Game drawn by agreement"]

1. d4 Nf6 2. Nf3 g6 3. g3 Bg7 4. Bg2 O-O 5. O-O d5 6. c4 c6 7. Nbd2 Bf5 8. b3 a5 9. a3 Nbd7 10. Bb2 Ne4 11. e3 Re8 12. Qe2 Qb6 13. Rfd1 Bg4 14.
h3 Bxf3 15. Bxf3 Nxd2 16. Rxd2 Qxb3 17. cxd5 cxd5 18. Rd3 Qb5 19. a4 Qc6 20. Rc3 Qe6 21. Rc7 Nf6 22. Kg2 Rab8 23. Qb5 b6 24. Rac1 h5 25.
R1c6 Qf5 26. Rxb6 Rxb6 27. Qxb6 g5 28. g4 hxg4 29. hxg4 Nxg4 30. Qc6 Nf6 31. Qc2 Qe6 32. Rc6 Qd7 33. Rc7 Qe6 34. Rc6 Qd7 35. Rc7 Qd6 36. Qc5 g4 37. Be2 Qe6 38. Qc2 Ne4 39. Qc6 Nd6 40. Ba3 Rb8 41. Bxd6 exd6 42. Qd7 1/2-1/2

[Event "*** Titled Tuesday Blitz"]
[Site "Chess.com"]
[Date "2019.03.05"]
[Round "8"]
[White "OparinGrigoriy"]
[Black "Tjktiger"]
[Result "1-0"]
[WhiteElo "2973"]
[BlackElo "2795"]
[TimeControl "180+2"]
[EndTime "14:57:48 PST"]
[Termination "OparinGrigoriy won by resignation"]

1. Nf3 c5 2. b3 g6 3. Bb2 Nf6 4. Bxf6 exf6 5. c4 d5 6. cxd5 Qxd5 7. Nc3 Qd8 8. g3 Bg7 9. Bg2 O-O 10. O-O Nc6 11. Rc1 Bd7 12. d4 Bh6 13. e3 cxd4 14.
Nxd4 Rc8 15. Ncb5 Nxd4 16. Nxd4 Rxc1 17. Qxc1 Qb6 18. Qc4 f5 19. Qd5 Bc8 20. Rc1 Bg7 21. a4 Rd8 22. a5 Qf6 23. Qb5 Qe7 24. Qc4 Bxd4 25. exd4 f4 26. Qc7 Qxc7 27. Rxc7 fxg3 28. hxg3 Be6 29. Rxb7 Rxd4 30. b4 a6 31. b5 axb5 32. a6 Ra4 33. a7 Kg7 34. Rc7 b4 35. a8=Q Rxa8 36. Bxa8 Kf6 37. Bf3 Ke5 38. Rb7 b3 39. Bd1 Bd5 40. Rb8 1-0

[Event "*** Titled Tuesday Blitz"]
[Site "Chess.com"]
[Date "2019.03.05"]
[Round "8"]
[White "DonPreuss"]
[Black "jamengrand"]
[Result "1-0"]
[WhiteElo "2208"]
[BlackElo "2152"]
[TimeControl "180+2"]
[EndTime "14:57:49 PST"]
[Termination "DonPreuss won by resignation"]

1. d4 Nf6 2. Nc3 d5 3. e4 Nxe4 4. Nxe4 dxe4 5. Bc4 Nc6 6. c3 e5 7. Qh5 g6 8. Qe2 exd4 9. Qxe4+ Be6 10. Bxe6 fxe6 11.
Qxe6+ Qe7 12. Qxe7+ Bxe7 13. Bd2 Rf8 14. Nf3 d3 15.
O-O-O O-O-O 16. Rhe1 Bc5 17. Be3 b6 18. Rd2 Rd7 19.
Red1 Rfd8 20. a3 Bxe3 21. fxe3 a5 22. Nd4 Ne5 23. b3 c5 24. Ne6 Re8 25. Nf4 Red8 26. c4 b5 27. cxb5 a4 28. Kb2 axb3 29. Kxb3 c4+ 30. Kc3 Kb7 31. a4 Kb6 32. Ne6 Ra8 33. Ra1 Rda7 34. Rda2 Ng4 35. Kb4 Nxe3 36. a5+ Rxa5 37.
Rxa5 Rxa5 38. Rxa5 Nc2+ 39. Kxc4 Kxa5 40. Kxd3 Ne1+ 41.
Kc4 Nxg2 42. Nf8 Ne3+ 43. Kc5 Ng4 44. b6 Ka6 45. Kc6 Nf6 46. Ne6 h5 47. Nc5+ Ka5 48.
b7 1-0

[Event "*** Titled Tuesday Blitz"]
[Site "Chess.com"]
[Date "2019.03.05"]
[Round "8"]
[White "TheBigBoss04"]
[Black "ENEASZ"]
[Result "0-1"]
[WhiteElo "2547"]
[BlackElo "2380"]
[TimeControl "180+2"]
[EndTime "14:57:50 PST"]
[Termination "ENEASZ won by checkmate"]

1. d4 d5 2. c4 e6 3. Nc3 Nf6 4. Nf3 a6 5. cxd5 exd5 6. Bg5 Be6 7. e3 Nbd7 8. Bd3 h6 9. Bh4 g5 10. Bg3 Nh5 11. Be5 Ng7 12. Rc1 Nxe5 13. Nxe5 Bd6 14.
O-O O-O 15. Ng4 Bxg4 16. Qxg4 f5 17. Qf3 c6 18. g3 g4 19. Qe2 h5 20. f3 Qg5 21. Rce1 Rae8 22. f4 Qe7 23. Qg2 Rf6 24.
Re2 Re6 25. Rfe1 Qf6 26. Kf2 h4 27. Bc2 h3 28. Qh1 Kh7 29. Bb3 Kh6 30. Bc2 a5 31.
Bd3 b5 32. Qf1 Bb8 33. Rc1 Ba7 34. Qd1 R8e7 35. Qd2 Ne8 36. Rce1 Nd6 37. Kf1 a4 38. b3 a3 39. Nb1 c5 40. dxc5 Bxc5 41. Bc2 b4 42. Qxd5 Bxe3 43. Bd3 Ne8 44. Bxf5 Rd6 45.
Qb5 Nc7 46. Qxb4 Qxf5 47. Qxd6+ Re6 48. Qxc7 Qe4 49. f5 Qh1# 0-1

[Event "*** Titled Tuesday Blitz"]
[Site "Chess.com"]
[Date "2019.03.05"]
[Round "8"]
[White "1995Tiger"]
[Black "Kampkatten"]
[Result "1-0"]
[WhiteElo "1993"]
[BlackElo "2736"]
[TimeControl "180+2"]
[EndTime "14:57:50 PST"]
[Termination "1995Tiger won by checkmate"]

1. d4 Nf6 2. c4 g6 3. g3 c6 4. Bg2 d5 5. cxd5 cxd5 6. Nf3 Bg7 7. Ne5 O-O 8. Nc3 b6 9. O-O Bb7 10. Bf4 Nc6 11. Nxc6 Bxc6 12. Be5 Rc8 13. e3 Qd7 14. Qb3 e6 15. Bxf6 Bxf6 16. Rfc1 Be7 17. a4 Rb8 18. Bf1 Bb7 19. Rc2 Qd8 20. Nb5 a6 21. Nc7 Bd6 22. Nxa6 Ra8 23. Nb4 h5 24. Nc6 Qd7 25. Qxb6 Rfc8 26.
Bb5 Kg7 27. a5 Bc7 28. Qxb7 h4 29.
Ne5 Qe7 30. Rac1 Rxa5 31. Rxc7 Rxc7 32. Rxc7 Ra1+ 33. Bf1 Qb4 34. Rxf7+ Kh6 35. Rh7+ Kg5 36. Qe7+ Qxe7 37. Rxe7 h3 38. Rf7 Kh6 39. Rf4 Kg7 40. Rf3 Rb1 41. g4 g5 42. Rxh3 Rxb2 43. Rh5 Rb1 44.
Rxg5+ Kf6 45. f4 Ke7 46. h4 Kf6 47. h5 Ke7 48. h6 Rb8 49. Rg7+ Kf6 50. Rf7# 1-0

[Event "*** Titled Tuesday Blitz"]
[Site "Chess.com"]
[Date "2019.03.05"]
[Round "8"]
[White "Poghosyan_Suren"]
[Black "monalize"]
[Result "1-0"]
[WhiteElo "2487"]
[BlackElo "2318"]
[TimeControl "180+2"]
[EndTime "14:57:51 PST"]
[Termination "Poghosyan_Suren won by resignation"]

1. e4 c5 2. Nf3 d6 3. d4 cxd4 4. Nxd4 Nf6 5. Nc3 a6 6. Bc4 e6 7. Bb3 b5 8. Bg5 Be7 9. Qf3 Qd7 10. O-O-O Bb7 11. Rhe1 Nc6 12. Nxc6 Bxc6 13. Qh3 Qb7 14.
f3 O-O 15. Ne2 a5 16. Nd4 a4 17. Bxe6 fxe6 18. Qxe6+ Rf7 19. Nxc6 Qxc6 20. e5 Rc8 21. c3 dxe5 22. Qxc6 Rxc6 23. Rxe5 b4 24. Kc2 a3 25. Kb3 bxc3 26. bxc3 h6 27. Bc1 Rb6+ 28. Kc2 Kf8 29. Ra5 g5 30. Bxa3 Bxa3 31. Rxa3 Rc7 32. Ra5 Kf7 33. a4 Rcb7 34. Rd2 Rb2+ 35.
Kd1 Rb1+ 36. Ke2 Nh5 37. g3 Rc1 38. Rc5 Nf6 39. a5 g4 40. a6 Ra7 41. Rd6 Rc2+ 42.
Kd3 Rxh2 43. Rf5 gxf3 44. Rdxf6+ Kg7 45. Rb6 Rd7+ 46. Ke3 f2 47. Rb7 1-0